 Dungeon Crawl Stone Soup version 0.30-a0-728-gc68057be0a (webtiles) character file.

Game seed: 5698078386935059472

4135 avis the Carver (level 9, -3/74 HPs)
             Began as a Demigod Warper on Feb 1, 2023.
             Slain by a two-headed ogre
             ... wielding a +0 giant club
              (21 damage)
             ... on level 8 of the Dungeon.
             The game lasted 01:00:41 (9263 turns).

avis the Carver (Demigod Warper)                    Turns: 9263, Time: 01:00:41

Health: -3/74      AC:  7    Str: 12    XL:     9   Next: 79%
Magic:  16/25      EV: 24    Int: 15    God:
Gold:   213        SH:  0    Dex: 25    Spells: 5/14 levels left

rFire   . . .      SeeInvis .    a - +4 long sword (freeze)
rCold   . . .      Faith    .    (no shield)
rNeg    + . .      Spirit   .    C - +2 robe {rN+}
rPois   .          Reflect  .    z - +0 helmet
rElec   .          Harm     .    t - +0 cloak
rCorr   .          Rampage  .    x - +0 pair of gloves
Will    .....                    (no boots)
Stlth   ++                       G - amulet of regeneration
HPRegen 1.12/turn                F - ring of magical power
MPRegen 0.19/turn                O - +5 ring of evasion

@: no status effects
A: high MP 1, forlorn, divine attributes
a: no special abilities


You were on level 8 of the Dungeon.
You visited 2 branches of the dungeon, and saw 10 of its levels.

You collected 601 gold pieces.
You spent 388 gold pieces at shops.

Inventory:

Hand Weapons
 a - a +4 long sword of freezing (weapon)
 b - a +3 shortbow of draining
 w - a +4 shortbow
Armour
 t - a +0 cloak (worn)
 x - a +0 pair of gloves (worn)
 z - a +0 helmet (worn)
 C - a +2 robe of positive energy (worn)
Jewellery
 d - a ring of magical power
 E - a ring of protection from fire
 F - a ring of magical power (left hand)
 G - an amulet of regeneration (around neck)
 O - a +5 ring of evasion (right hand)
Wands
 g - a wand of flame (13)
 l - a wand of polymorph (5)
 p - a wand of acid (4)
 P - a wand of roots (7)
Scrolls
 c - 3 scrolls of blinking
 f - a scroll of poison {unknown}
 j - a scroll of brand weapon {unknown}
 q - 6 scrolls of teleportation {unknown}
 r - 2 scrolls of fog {unknown}
 u - 2 scrolls of immolation {unknown}
 y - 2 scrolls of fear {unknown}
 A - a scroll of butterflies {unknown}
 D - 2 scrolls of amnesia {unknown}
 M - 2 scrolls of magic mapping {unknown}
 Q - a scroll of silence {unknown}
Potions
 e - a potion of berserk rage
 i - 3 potions of curing
 m - 5 potions of heal wounds
 n - a potion of invisibility
 o - 2 potions of cancellation
 B - a potion of brilliance
 H - a potion of might
 L - 2 potions of magic
 N - 2 potions of lignification {unknown}


   Skills:
 * Level 5.0 Fighting
 - Level 8.0 Long Blades
 - Level 1.0 Throwing
 - Level 1.0 Armour
 - Level 8.0 Dodging
 - Level 3.0 Spellcasting
 - Level 6.0 Translocations


You had 5 spell levels left.
You knew the following spells:

 Your Spells              Type           Power      Damage    Failure   Level
b - Blink                 Tloc           40%        N/A       2%          2
m - Manifold Assault      Tloc           20%        N/A       17%         4
o - Teleport Other        Tloc           20%        N/A       4%          3

Your spell library contained the following spells:

 Spells                   Type           Power      Damage    Failure   Level
 Apportation              Tloc           40%        N/A       1%          1
 Lesser Beckoning         Tloc           40%        N/A       2%          2
 Vhi's Electric Charge    Tloc/Air       22%        N/A       17%         3
 Necrotise                Necr           8%         1d4       21%         1
 Sandblast                Erth           4%         2d4       21%         1
 Summon Small Mammal      Summ           8%         N/A       21%         1
 Passwall                 Tmut/Erth      1%         N/A       30%         2
 Iskenderun's Mystic Bla  Conj/Tloc      11%        2d4       50%         4
 Dazzling Flash           Conj/Hex       4%         N/A       52%         3
 Stone Arrow              Conj/Erth      4%         3d7       52%         3
 Airstrike                Air            1%         2d(1-17)  89%         4
 Summon Ice Beast         Ice/Summ       2%         N/A       89%         4
 Summon Lightning Spire   Summ/Air       2%         N/A       89%         4
 Lightning Bolt           Conj/Air       1%         1d12      99%         5
 Summon Mana Viper        Hex/Summ       2%         N/A       99%         5
 Starburst                Conj/Fire      1%         6d3       100%        6
 Monstrous Menagerie      Summ           1%         N/A       100%        7


Dungeon Overview and Level Annotations

Branches:
Dungeon (9/15)             Temple (1/1) D:4
   Lair: D:8-11         Orc: D:9-12

Shops:
D:1 (

Annotations:
D:2 1 runed translucent door, exclusion: door, Crazy Yiuf


Innate Abilities, Weirdness & Mutations

You have an increased reservoir of magic. (+10% MP)
You shall have no god before yourself.
Your divine heritage dramatically boosts your attributes as you level up.


Message History

The killer bee misses you.
You hit the two-headed ogre but do no damage.
The two-headed ogre is lightly wounded.
You feel sick. The killer bee misses you. The killer bee barely misses you.
The two-headed ogre completely misses you.
The two-headed ogre hits you with a +0 giant club!!
The killer bee stings you. The killer bee misses you.
Sorry, you're not good enough to have a special ability.
Unknown command.
Casting: Manifold Assault (dangerous; 17% risk of failure)
Confirm with . or Enter, or press ? or * to list all spells.
You blink.
You feel sick. The killer bee completely misses you.
Casting: Blink (safe; 2% risk of failure)
Confirm with . or Enter, or press ? or * to list all spells.
Space momentarily warps into an impossible shape!
You slash the killer bee! You freeze the killer bee!
You kill the killer bee!
You slash the two-headed ogre! You freeze the two-headed ogre.
You hit the killer bee. You freeze the killer bee.
You feel sick. The killer bee misses you.
Training target 6.0 for Translocations reached!
Your Translocations skill increases to level 6!
You need to enable at least one skill for training.
Casting: Manifold Assault (dangerous; 17% risk of failure)
Confirm with . or Enter, or press ? or * to list all spells.
Aiming: Teleport Other (dangerous; 4% risk of failure)
Press: ? - help, Shift-Dir - straight line, f - two-headed ogre
Aim: a two-headed ogre, wielding two +0 giant clubs (heavily wounded, chance to affect: 42%)
The two-headed ogre looks slightly unstable.
You feel sick.
You are no longer poisoned.
The killer bee misses you. The killer bee stings you.
You slice the two-headed ogre!! You freeze the two-headed ogre!
The two-headed ogre is almost dead.
You feel stable enough to blink again. The killer bee misses you.
The two-headed ogre hits you with a +0 giant club!
* * * LOW HITPOINT WARNING * * *
The two-headed ogre hits you with a +0 giant club!!
You die...

...........##......###
#.##.###...8##...###########
#.##..###..#####...........#
#..##.###..# ##..........#
##.##..##..#### #..........#
##..##.##..8#.###..........#
.##....##..##..##..........#
..####.##..##...#..........#
..####.##..##..O@....#########
............#..†y....###.....##
######.##..##>.......##.......##
#..#..##.†................#
##..#..##..................# ###
#......8#..................#
..###......##........#.........#
#.)).......##........#......<..#
#####......##..................#


You could see a two-headed ogre (teleporting) and a killer bee.

Vanquished Creatures
  Pikel (D:3)
  Sigmund (D:5)
  Eustachio (D:4)
  Menkaure (D:4)
  An orc warrior (D:6)
  2 black bears (D:5)
  2 ogres
  2 lemures (D:4)
  2 phantoms (D:5)
  4 bullfrogs
  A gnoll sergeant (D:8)
  4 scorpions
  A necrophage (D:6)
  11 wights
  7 killer bees (D:8)
  3 howler monkeys
  4 hounds
  2 jellies
  A gnoll bouda (D:6)
  7 orc priests
  3 iguanas
  8 orc wizards
  12 gnolls
  8 adders
  2 ufetubi
  3 worms
  8 dart slugs
  35 orcs
  9 ball pythons
  10 bats
  10 endoplasms
  4 giant cockroaches
  4 hobgoblins
  5 jackals
  9 quokkas
  8 frilled lizards
  10 goblins
  8 kobolds
  11 rats
225 creatures vanquished.

Vanquished Creatures (others)
  8 plants
8 creatures vanquished.

Grand Total: 233 creatures vanquished

Notes
Turn   | Place    | Note
-------+----------+-------------------------------------------
     0 | D:1      | avis the Demigod Warper began the quest for the Orb.
     0 | D:1      | Reached XP level 1. HP: 17/17 MP: 5/5
    96 | D:1      | Reached skill level 1 in Armour
   395 | D:1      | Reached XP level 2. HP: 21/24 MP: 7/7
   521 | D:1      | Found Zuicsos's Antique Weapon Boutique.
   538 | D:1      | Reached skill level 1 in Throwing
  1120 | D:2      | Reached XP level 3. HP: 29/30 MP: 8/8
  1556 | D:2      | Found a runed translucent door.
  1557 | D:2      | Noticed Crazy Yiuf
  2072 | D:3      | Learned a level 2 spell: Blink
  2112 | D:3      | Reached XP level 4. HP: 32/38 MP: 9/9
  2353 | D:1      | Bought a runed long sword for 136 gold pieces
  2391 | D:3      | Learned a level 4 spell: Manifold Assault
  2425 | D:3      | Noticed an ogre
  2434 | D:3      | Killed an ogre
  2435 | D:3      | Reached XP level 5. HP: 13/45 MP: 10/10
  2997 | D:4      | Noticed Pikel
  2998 | D:4      | Noticed Eustachio
  3410 | D:4      | Reached XP level 6. HP: 51/51 MP: 11/11
  3478 | D:1      | Bought a runed shortbow for 126 gold pieces
  3566 | D:3      | Killed Pikel
  3567 | D:3      | Reached skill level 5 in Long Blades
  3567 | D:3      | Reached XP level 7. HP: 41/59 MP: 13/13
  3636 | D:4      | Noticed Menkaure
  3645 | D:4      | Killed Menkaure
  3901 | D:4      | Killed Eustachio
  3902 | D:4      | Reached skill level 5 in Dodging
  4028 | D:4      | Reached XP level 8. HP: 66/66 MP: 14/14
  4183 | D:4      | Noticed an angel
  4232 | D:4      | Found a staircase to the Ecumenical Temple.
  4252 | D:4      | Noticed a rust devil
  4392 | Temple   | Entered the Ecumenical Temple
  4435 | D:5      | Entered Level 5 of the Dungeon
  4619 | D:5      | Noticed Sigmund
  4628 | D:5      | Killed Sigmund
  4798 | D:5      | Reached skill level 5 in Fighting
  5541 | D:1      | Bought a runed shortbow for 126 gold pieces
  5748 | D:6      | Identified the amulet "Mytt" {Faith Str+4}
  6147 | D:6      | Reached XP level 9. HP: 33/74 MP: 16/16
  7422 | D:7      | Learned a level 3 spell: Teleport Other
  8264 | D:8      | Reached skill level 5 in Translocations
  9241 | D:9      | Noticed a two-headed ogre
  9263 | D:8      | Slain by a two-headed ogre

Illustrated notes

Levels and vault maps discovered:
D:1:      mrwooster_arrival_statue_2, layout_basic, serial_shops,
          nicolae_shop_competitors_out_of_business
D:2:      layout_loops_cross, serial_forest, infiniplex_forest_lined_corner,
          infiniplex_forest_clump_curved, infiniplex_forest_clump_diagonal,
          infiniplex_forest_lined_room_2, infiniplex_forest_lined_corner,
          infiniplex_forest_zigzag_1, uniq_crazy_yiuf_cottage
D:3:      minmay_bubble_buster, layout_rooms,
          chequers_temple_overflow_statue_of_worship, minmay_statues_item,
          minmay_divided_ellipse
D:4:      layout_basic, temple_garden, minmay_bent, uniq_pikel, uniq_eustachio,
          uniq_menkaure
D:5:      layout_basic, lemuel_crystal_altar, uniq_sigmund
D:6:      layout_layer_cave
D:7:      layout_loops_corners, mainiacjoe_overflow_24_doors,
          nicolae_figureground_sparkle
D:8:      layout_rooms, dreamdust_divine_triumvirate, fiery_altar_vehumet,
          serial_corexii_hall, corexii_hall_statues_l,
          chequers_hall_statues_wall_a
D:9:      layout_big_octagon, nzn_hepliaklqana_mist_gate
Temple:   minmay_freezing_vapour_temple

Skill      XL: |  1  2  3  4  5  6  7  8  9 |
---------------+----------------------------+-----
Fighting       | 2 3 4 5 |  5.0
Long Blades    | 2 4 5 6 7 8 |  8.0
Armour         | 1 |  1.0
Dodging        | 2 3 4 5 6 8 |  8.0
Spellcasting   | 2 3 |  3.0
Translocations | 3 4 6 |  6.0
Throwing       | 1 |  1.0

Action                     |  1- 3 |  4- 6 |  7- 9 || total
---------------------------+-------+-------+-------++-------
  Melee: Falchion          |   149 |    40 |       ||   189
         Long sword        |       |    94 |   245 ||   339
         Punch             |       |       |     6 ||     6
   Fire: Sling             |       |    10 |       ||    10
         Shortbow          |       |     4 |   152 ||   156
   Cast: Blink             |       |     2 |     1 ||     3
         Manifold Assault  |       |       |    19 ||    19
         Teleport Other    |       |       |     1 ||     1
    Use: Potion            |       |     2 |       ||     2
         Scroll            |       |     5 |     5 ||    10
   Stab: Sleeping          |     2 |       |       ||     2
 Armour: Leather armour    |    52 |    28 |       ||    80
         Robe              |       |       |    44 ||    44
  Dodge: Dodged            |   105 |    93 |   262 ||   460

Table legend: (Time is in decaauts)
 A = Elapsed time spent in this place.
 B = Non-inter-level travel time spent in this place.
 C = Inter-level travel time spent in this place.
 D = Time resting spent in this place.
 E = Time spent auto-exploring this place.
 F = Levels seen in this place.
 G = Mean time per level.
                   A        B        C        D        E       F      G
               +--------+--------+--------+--------+--------+-----+--------+
         Total |   9401 |   8080 |   1321 |   1509 |   4082 |  10 |  940.1 |
       Dungeon |   9351 |   8035 |   1316 |   1509 |   4082 |   9 | 1039.0 |
        Temple |     50 |     46 |      4 |      0 |      0 |   1 |   50.0 |
               +--------+--------+--------+--------+--------+-----+--------+

Top non-repeatable levels by time:
     D:3: 1403 daAuts
     D:6: 1332 daAuts
     D:7: 1224 daAuts
     D:4: 1142 daAuts
     D:2: 1137 daAuts
     D:1: 1076 daAuts
     D:5: 1051 daAuts
     D:8: 977 daAuts
  Temple: 50 daAuts
     D:9: 5 daAuts
